 Dungeon Crawl Stone Soup version 0.29.0-11-gd7f09526c8 (webtiles) character file.

Game seed: 11152566108378842460

1561 pacmanke6689 the Slasher (level 8, -1/61 HPs)
             Began as a Demonspawn Fighter on Sept 6, 2022.
             Slain by a gnoll sergeant
             ... wielding a +1 trident of venom
              (2 damage)
             ... on level 5 of the Dungeon.
             The game lasted 00:16:33 (5612 turns).

pacmanke6689 the Slasher (Demonspawn Fighter)       Turns: 5612, Time: 00:16:34

Health: -1/61      AC: 10    Str: 18    XL:     8   Next: 58%
Magic:  12/12      EV: 10    Int: 10    God:
Gold:   276        SH:  6    Dex: 19    Spells: 11/12 levels left

rFire   . . .      SeeInvis .   a - +0 long sword (chaos)
rCold   . . .      Faith    .   c - +0 buckler
rNeg    . . .      Spirit   .   b - +0 scale mail
rPois   .          Reflect  .   l - +2 helmet
rElec   .          Harm     .   (no cloak)
rCorr   +          Rampage  .   (no gloves)
Will    .....                   (no boots)
Stlth   +.........              (no amulet)
HPRegen 0.20/turn               m - ring "Tireodgho" {rCorr Dex+6}
MPRegen 0.13/turn               (no ring)

@: mighty, lethally poisoned (-1 -> -26)
A: hooves 2, demonic guardian 1, powered by death 1
a: no special abilities


You were on level 5 of the Dungeon.
You visited 1 branch of the dungeon, and saw 5 of its levels.
You also visited: Ossuary.

You collected 276 gold pieces.

Inventory:

Hand Weapons
 a - a +0 long sword of chaos (weapon)
Armour
 b - a +0 scale mail (worn)
 c - a +0 buckler (worn)
 l - a +2 helmet (worn)
Jewellery
 m - the ring "Tireodgho" (left hand) {rCorr Dex+6}
   (You acquired it in an ossuary)

   [ring of dexterity]

   Dex:       It affects your dexterity (+6).
   rCorr:     It protects you from acid and corrosion.
Wands
 h - a wand of flame (17)
Scrolls
 f - a scroll of teleportation
 o - a scroll of blinking
 p - a scroll of summoning
 s - 4 scrolls of amnesia
Potions
 j - a potion of invisibility {unknown}
 k - a potion of degeneration {unknown}
 n - a potion of magic {unknown}
 q - 3 potions of lignification {unknown}
 r - a potion of ambrosia {unknown}
 t - 2 potions of flight


   Skills:
 + Level 4.6 Fighting
 + Level 5.7 Long Blades
 + Level 5.0 Armour
 + Level 2.1 Dodging
 + Level 0.9 Stealth
 + Level 4.0 Shields
 + Level 2.9 Spellcasting
 + Level 1.9 Conjurations
 + Level 2.3 Fire Magic


You had 11 spell levels left.
You knew the following spells:

 Your Spells              Type           Power      Damage    Failure   Level
a - Foxfire               Conj/Fire      20%        2x1d5     43%         1

Your spell library contained the following spells:

 Spells                   Type           Power      Damage    Failure   Level
 Apportation              Tloc           2%         N/A       75%         1
 Necrotise                Necr           4%         1d4       75%         1
 Summon Small Mammal      Summ           4%         N/A       75%         1
 Conjure Flame            Conj/Fire      5%         6-21      80%         3
 Inner Flame              Hex/Fire       3%         N/A       91%         3
 Dazzling Flash           Conj/Hex       6%         N/A       92%         3
 Flame Wave               Conj/Fire      5%         2d5       99%         4
 Iskenderun's Mystic Bla  Conj/Tloc      3%         2d3       100%        4
 Summon Lightning Spire   Summ/Air       1%         N/A       100%        4
 Starburst                Conj/Fire      2%         6d3       100%        6
 Storm Form               Tmut/Air       0%         N/A       100%        7
 Maxwell's Capacitive Co  Air            0%         ∞         100%        8


Dungeon Overview and Level Annotations

Branches:
Dungeon (5/15)            Ossuary (visited)
 Temple: D:4-7

Altars:
Fedhas
Trog
Xom
Yredelemnul

Shops:
D:1 ?   D:3 (

Annotations:
D:5 1 transporter


Innate Abilities, Weirdness & Mutations

You have hoof-like feet.
A weak demonic guardian rushes to your aid.
You regenerate a little health from kills.


Message History

You hit the gnoll but do no damage.
The gnoll is poisoned.
You kick the gnoll.
You kill the gnoll!
Things that are here:
a +0 spear; a gnoll corpse A gnoll sergeant comes into view.
It is wielding a +1 trident of venom.
A gnoll sergeant is nearby!
The gnoll sergeant hits you but does no damage.
You are poisoned.
You barely miss the gnoll sergeant.
You kick the gnoll sergeant, but do no damage.
You feel very sick. You block the gnoll sergeant's attack.
The gnoll sergeant hits you with a +1 trident of venom!
You are more poisoned.
You hit the gnoll sergeant but do no damage.
The gnoll sergeant is poisoned.
You kick the gnoll sergeant, but do no damage.
You feel very sick.
The gnoll sergeant hits you with a +1 trident of venom!
You are more poisoned.
You hit the gnoll sergeant but do no damage.
You drain the gnoll sergeant.
You kick the gnoll sergeant, but do no damage.
The gnoll sergeant is moderately wounded.
You feel extremely sick. You block the gnoll sergeant's attack.
You swap places.
You feel very sick.
Your white imp disappears in a puff of smoke!
You block the gnoll sergeant's attack.
You feel very mighty all of a sudden.
You feel very sick.
The gnoll sergeant hits you from afar with a +1 trident of venom!
* * * LOW HITPOINT WARNING * * *
A demonic guardian appears!
You are more poisoned.
* * * LOW HITPOINT WARNING * * *
You feel extremely sick.
The gnoll sergeant hits you with a +1 trident of venom.
You die...

#############
#...........#####
#...............#
#.#...)######...#
#..)########..#
#...#......##.#
#...#......##.#
#...@g.....##.#
......5§#......##.#
........#......##.#
........########..#
.........######...#
..##..............#
.# ..............##
........###.....#
........
#.........##


You could see a gnoll sergeant (poisoned, drained, ally target) and a friendly
ufetubus (summoned).

Vanquished Creatures
  Eustachio (D:5)
  Edmund (D:5)
  Duvessa (D:5)
  A black bear (D:4)
  A centaur (D:5)
  A phantom (D:5)
  3 elf zombies (Ossuary)
  A scorpion (D:4)
  2 hounds (D:5)
  2 centaur zombies (Ossuary)
  3 mummies
  Robin (D:2)
  9 adders
  6 gnolls
  A shadow imp (D:3)
  A white imp (D:5)
  2 adder zombies (Ossuary)
  A worm (D:2)
  4 dart slugs
  2 orcs (D:5)
  6 endoplasms
  14 goblins
  10 hobgoblins
  5 jackals
  6 kobolds
  5 quokkas
  3 ball pythons
  5 bats
  A frilled lizard (D:3)
  2 goblin zombies (Ossuary)
  12 hobgoblin zombies (Ossuary)
  A jackal zombie (Ossuary)
  7 kobold zombies (Ossuary)
  8 orc zombies (Ossuary)
  11 rats
140 creatures vanquished.

Vanquished Creatures (collateral kills)
  A black bear (D:5)
  An ogre (D:4)
  Dowan (D:5)
  A gnoll (D:4)
  A goblin (D:4)
  A hobgoblin (D:2)
  2 foxfires (D:4)
8 creatures vanquished.

Vanquished Creatures (others)
  A bush (D:5)
  34 foxfires
35 creatures vanquished.

Grand Total: 183 creatures vanquished

Notes
Turn   | Place    | Note
-------+----------+-------------------------------------------
     0 | D:1      | pacmanke6689 the Demonspawn Fighter began the quest for the
                  | Orb.
     0 | D:1      | Reached XP level 1. HP: 18/18 MP: 1/1
   304 | D:1      | Gained mutation: You regenerate a little health from kills.
                  | [demonic ancestry]
   304 | D:1      | Reached XP level 2. HP: 24/24 MP: 2/2
   497 | D:1      | Found a faded altar of an unknown god.
   531 | D:1      | Found Ufeoz's Magic Scroll Shop.
   752 | D:1      | Gained mutation: You have large cloven feet. [demonic
                  | ancestry]
   752 | D:1      | Reached XP level 3. HP: 29/29 MP: 3/3
   826 | D:1      | Learned a level 1 spell: Foxfire
  1379 | D:2      | Gained mutation: A weak demonic guardian rushes to your
                  | aid. [demonic ancestry]
  1379 | D:2      | Reached XP level 4. HP: 35/35 MP: 5/5
  1380 | D:2      | Found a shimmering altar of Xom.
  1476 | D:2      | Noticed Robin
  1484 | D:2      | Killed Robin
  1485 | D:2      | Reached skill level 1 in Spellcasting
  2302 | D:3      | Reached XP level 5. HP: 31/41 MP: 1/7
  2608 | D:3      | Found Mecuyvac's Weapon Shoppe.
  2737 | D:3      | Found a bloodstained altar of Trog.
  2834 | D:4      | Reached skill level 1 in Conjurations
  2834 | D:4      | Reached skill level 1 in Fire Magic
  2839 | D:4      | Noticed a black bear
  2849 | D:4      | Killed a black bear
  2850 | D:4      | Reached skill level 1 in Dodging
  2850 | D:4      | Reached XP level 6. HP: 48/48 MP: 0/8
  3464 | D:4      | Found a blossoming altar of Fedhas.
  3927 | D:5      | Entered Level 5 of the Dungeon
  3936 | D:5      | Found a sand-covered staircase.
  3956 | Ossuary  | Entered an ossuary
  4311 | Ossuary  | Gained mutation: You have hoof-like feet. [demonic
                  | ancestry]
  4311 | Ossuary  | Reached XP level 7. HP: 47/53 MP: 10/10
  4533 | Ossuary  | Identified a scroll of acquirement
  4534 | Ossuary  | Acquired the ring "Tireodgho" {rCorr Dex+6}
  4720 | D:5      | Found a transporter.
  4727 | D:5      | Reached skill level 5 in Long Blades
  4997 | D:5      | Noticed Eustachio
  5009 | D:5      | Killed Eustachio
  5010 | D:5      | Reached XP level 8. HP: 52/61 MP: 11/11
  5047 | D:5      | Noticed Dowan
  5048 | D:5      | Noticed Duvessa
  5056 | D:5      | Killed Duvessa
  5067 | D:5      | Killed Dowan
  5291 | D:5      | Noticed Edmund
  5297 | D:5      | HP: 3/61 [Edmund/+0 antimagic dire flail (16)]
  5303 | D:5      | HP: 3/61 [Edmund/+0 antimagic dire flail (1)]
  5306 | D:5      | Killed Edmund
  5561 | D:5      | Found a basalt altar of Yredelemnul.
  5590 | D:5      | Reached skill level 5 in Armour
  5612 | D:5      | HP: 1/61 [poisoned by a gnoll sergeant]
  5612 | D:5      | Slain by a gnoll sergeant

Illustrated notes

Levels and vault maps discovered:
D:1:      dpeg_arrival_connections, layout_loops_ring, serial_shops, shop,
          hellmonk_ecumenical_altar_run_dry, patterned_corridor
D:2:      layout_loops_ring, basic_altar, uniq_robin
D:3:      layout_loops_cross, nicolae_overflow_crystal_walls, serial_shops,
          nicolae_shop_statue_plus
D:4:      layout_cave_pods, fedhas_altar_3, minmay_misc_feat_tiny,
          serial_bayou_lake_a
D:5:      layout_cave_pools, mainiacjoe_overflow_surrounded_room,
          gammafunk_ghost_stat_death, gup_ossuary_entry_pyramid,
          serial_gnoll_camp, gnoll_camp_medium_01, gnoll_camp_mini_basic,
          gnoll_camp_mini_loothouse, kb_lookout_dungeons_type, uniq_edmund,
          uniq_eustachio, uniq_duvessa

Skill      XL: |  1  2  3  4  5  6  7  8 |
---------------+-------------------------+-----
Armour         | 3 4 5 |  5.0
Long Blades    | 2 3 4 5 |  5.7
Shields        | 3 4 |  4.0
Spellcasting   | 1 2 |  2.9
Conjurations   | 1 |  1.9
Fire Magic     | 1 2 |  2.3
Dodging        | 1 2 |  2.1
Fighting       | 4 |  4.6
Stealth        | |  0.9

Action                   |  1- 3 |  4- 6 |  7- 9 || total
-------------------------+-------+-------+-------++-------
Melee: Long sword        |   117 |   201 |   131 ||   449
       Kick              |    12 |    53 |    46 ||   111
 Cast: Foxfire           |     3 |    17 |     4 ||    24
  Use: Scroll            |     3 |     9 |     3 ||    15
       Potion            |       |     3 |     8 ||    11
 Stab: Distracted        |       |     1 |     2 ||     3
       Paralysed         |       |       |     3 ||     3
Armor: Scale mail        |    62 |   108 |    75 ||   245
Dodge: Dodged            |    47 |   112 |    53 ||   212
Block: Buckler           |    25 |    49 |    38 ||   112
